 Dungeon Sprint DCSS version 0.27-a0-216-g1fbed8a51c (webtiles) character file.

Game seed: 12735802594441182065

1675 mhtbhm the Martial Artist (level 9, -3/70 HPs)
             Began as an Octopode Transmuter on Jan 31, 2021.
             Was a Believer of Sif Muna.
             Slain by a boulder beetle (6 damage)
             ... in the Dungeon (Sprint IX: "|||||||||||||||||||||||||||||").
             The game lasted 00:01:49 (1142 turns).

mhtbhm the Martial Artist (Octopode Transmuter)     Turns: 1142, Time: 00:01:50

Health: -3/70      AC:  8    Str: 12    XL:     9   Next: 1%
Magic:  18/20      EV: 14    Int: 15    God:    Sif Muna [**....]
Gold:   0          SH:  0    Dex: 16    Spells: 8/23 levels left

rFire    x . .     SeeInvis .     - Unarmed
rCold    + + +     Faith    .   (shield currently unavailable)
rNeg     . . .     Spirit   .   (helmet currently unavailable)
rPois    +         Reflect  .   (no amulet)
rElec    .         Harm     .   j - +3 ring of dexterity
rCorr    .         Rampage  .   k - +2 ring of protection
Will     .....     NoTele   +   (no ring)
Stlth    ++........             (no ring)
HPRegen  0.21/turn              (no ring)
MPRegen  0.17/turn              (no ring)
                                (no ring)
                                (no ring)

@: ice-form
A: large, almost no armour, stealthy swim, amphibious, 8 rings, (constrict 8)
a: End Transformation, Renounce Religion, Channel Magic


You were in the Dungeon.
You worshipped Sif Muna.
Sif Muna was pleased with you.
You were a creature of crystalline ice.
You visited 1 branch

Inventory:

Jewellery
 j - a +3 ring of dexterity (left front paw)
 k - a +2 ring of protection (right front paw)
Wands
 i - a wand of iceblast (8)
Scrolls
 f - 3 scrolls of remove curse
 g - a scroll of blinking
 h - 2 scrolls of amnesia
Potions
 a - a potion of invisibility
 b - 4 potions of curing
 c - 2 potions of heal wounds
 d - a potion of haste
 e - 4 potions of magic


   Skills:
 + Level 4.4 Fighting
 + Level 7.1 Dodging
 + Level 3.0 Stealth
 + Level 13.5 Unarmed Combat
 + Level 7.5 Spellcasting
 + Level 7.6 Transmutations
 + Level 2.6 Ice Magic
 + Level 0.3 Evocations


You had 8 spell levels left.
You knew the following spells:

 Your Spells              Type           Power        Failure   Level
a - Beastly Appendage     Tmut           56%          1%          1
b - Wereblood             Tmut           28%          1%          2
c - Spider Form           Tmut/Pois      8%           8%          3
d - Ice Form              Ice/Tmut       21%          16%         4
e - Blade Hands           Tmut           14%          16%         5

Your spell library contained the following spells:

 Spells                   Type           Power        Failure   Level


Dungeon Overview and Level Annotations

Branches:
Dungeon (1/1)

Altars:
Cheibriados
Dithmenos
Elyvilon
Fedhas
Gozag
Hepliaklqana
Kikubaaqudgha
Makhleb
Nemelex Xobeh
Okawaru
Qazlal
Ru
Sif Muna
Trog
Uskayaw
Vehumet
Wu Jian
Xom
Yredelemnul
Zin
The Shining One
Beogh
Jiyva
Lugonu


Innate Abilities, Weirdness & Mutations

You cannot wear most types of armour.
You are very stealthy in the water. (Stealth+)
You are amphibious.
You can wear up to eight rings at the same time.
((You can use your tentacles to constrict eight enemies at once.))
((Your skin changes colour to match your surroundings (Stealth+).))
((Your rubbery body absorbs attacks. (AC +1, EV +1)))


Message History

The boulder beetle bites you!!
* * * LOW HITPOINT WARNING * * *
You hit the boulder beetle but do no damage.
The boulder beetle is moderately wounded.
The boulder beetle bites you!
* * * LOW HITPOINT WARNING * * *
You hit the boulder beetle but do no damage.
The boulder beetle is moderately wounded.
You punch the boulder beetle! You freeze the boulder beetle.
The boulder beetle is heavily wounded.
The boulder beetle closely misses you.
You hit the boulder beetle. You freeze the boulder beetle.
The boulder beetle is heavily wounded.
The boulder beetle closely misses you.
You punch the boulder beetle! You freeze the boulder beetle.
The boulder beetle is heavily wounded.
You hit the boulder beetle but do no damage.
The boulder beetle is heavily wounded.
The boulder beetle bites you.
You die...

▓▓▓▓▓▓▓▓▓ ▓........
▓.▓▓▓▓▓▓▓▓▓▓▓▓▓▓▓▓▓▓
▓..YB)...['....)B'..
▓▓▓▓▓▓▓▓▓▓▓▓▓▓▓▓▓▓▓▓


You could see a boulder beetle.

Vanquished Creatures
  An unseen horror (D)
  A deep elf pyromancer (D)
  A troll (D)
  2 ogres (D)
  A bullfrog (D)
  2 scorpions (D)
  2 jellies (D)
  An orc priest (D)
  2 orc wizards (D)
  2 worms (D)
  A jackal (D)
  2 kobolds (D)
  A bat (D)
  A rat (D)
20 creatures vanquished.

Vanquished Creatures (others)
  A bullfrog (D)
1 creature vanquished.

Grand Total: 21 creatures vanquished

Notes
Turn   | Place    | Note
-------+----------+-------------------------------------------
     0 | D        | mhtbhm the Octopode Transmuter began the quest for the Orb.
     0 | D        | Reached XP level 1. HP: 13/13 MP: 3/3
    55 | D        | Noticed an ogre
    55 | D        | Noticed a jelly
    55 | D        | Noticed an orc wizard
    60 | D        | Reached skill level 4 in Unarmed Combat
    60 | D        | Reached XP level 2. HP: 17/18 MP: 3/5
    64 | D        | Reached skill level 5 in Unarmed Combat
    64 | D        | Reached XP level 3. HP: 22/23 MP: 3/7
    66 | D        | Reached skill level 6 in Unarmed Combat
    66 | D        | Reached XP level 4. HP: 23/28 MP: 3/9
    75 | D        | Killed an ogre
    76 | D        | Reached skill level 8 in Unarmed Combat
    76 | D        | Reached XP level 5. HP: 19/33 MP: 5/11
    81 | D        | Found a roughly hewn altar of Beogh.
    81 | D        | Found a snail-covered altar of Cheibriados.
    81 | D        | Found a shadowy altar of Dithmenos.
    81 | D        | Found a white marble altar of Elyvilon.
    81 | D        | Found a blossoming altar of Fedhas.
    81 | D        | Found an opulent altar of Gozag.
    82 | D        | Found a hazy altar of Hepliaklqana.
    83 | D        | Found a viscous altar of Jiyva.
    84 | D        | Found an ancient bone altar of Kikubaaqudgha.
    85 | D        | Found a corrupted altar of Lugonu.
    86 | D        | Found a burning altar of Makhleb.
    87 | D        | Found a sparkling altar of Nemelex Xobeh.
    88 | D        | Found an iron altar of Okawaru.
    89 | D        | Found a stormy altar of Qazlal.
    90 | D        | Found a sacrificial altar of Ru.
    91 | D        | Found a shimmering blue altar of Sif Muna.
    92 | D        | Found a bloodstained altar of Trog.
    93 | D        | Found a hide-covered altar of Uskayaw.
    94 | D        | Found a radiant altar of Vehumet.
    95 | D        | Found an ornate altar of the Wu Jian Council.
    96 | D        | Found a shimmering altar of Xom.
    97 | D        | Found a basalt altar of Yredelemnul.
    98 | D        | Found a glowing silver altar of Zin.
    99 | D        | Became a worshipper of Sif Muna the Loreminder
   103 | D        | Learned a level 2 spell: Wereblood
   107 | D        | Learned a level 3 spell: Spider Form
   112 | D        | Learned a level 4 spell: Ice Form
   112 | D        | Found a glowing golden altar of the Shining One.
   486 | D        | Noticed an ogre
   493 | D        | Killed an unseen horror
   494 | D        | Reached skill level 11 in Unarmed Combat
   494 | D        | Reached skill level 1 in Ice Magic
   494 | D        | Reached XP level 6. HP: 42/42 MP: 6/15
   494 | D        | Reached XP level 7. HP: 46/46 MP: 6/16
   495 | D        | Reached skill level 12 in Unarmed Combat
   495 | D        | Reached * piety under Sif Muna
   499 | D        | Reached XP level 8. HP: 52/52 MP: 6/17
   501 | D        | Reached ** piety under Sif Muna
   575 | D        | Learned a level 5 spell: Blade Hands
   581 | D        | Noticed a deep elf pyromancer
   581 | D        | Noticed a boulder beetle
   581 | D        | Noticed a troll
   590 | D        | Killed a troll
   893 | D        | Killed a deep elf pyromancer
   894 | D        | Reached skill level 13 in Unarmed Combat
   894 | D        | Reached XP level 9. HP: 21/59 MP: 14/20
  1137 | D        | HP: 2/70 [boulder beetle (14)]
  1142 | D        | Slain by a boulder beetle

Illustrated notes

Levels and vault maps discovered:
D:        linesprint [early_d, line_temple, items_1, d_10, items_2, lair_1,
          lair_end, items_3, orc_1, orc_end, items_4, d_15, swamp_1, shoals_1,
          snake_1, spider_1, d_20, vaults_1, items_5, swamp_end, shoals_end,
          snake_end, spider_end, vaults_end, d_27, items_6, zot_1, zot_end,
          crypt_end, forest_end, elf_end, slime_end, tomb_end, abyss_end,
          pan_hell_end]

Skill      XL: |  1  2  3  4  5  6  7  8 |
---------------+-------------------------+-----
Unarmed Combat | 4 5 6 8 11 12 13 | 13.5
Dodging        | 3 4 6 7 |  7.1
Spellcasting   | 3 4 6 7 |  7.5
Transmutations | 3 4 6 7 |  7.6
Fighting       | 3 4 |  4.4
Stealth        | 2 3 |  3.0
Ice Magic      | 1 2 |  2.6
Evocations     | |  0.3

Action                   |  1- 3 |  4- 6 |  7- 9 || total
-------------------------+-------+-------+-------++-------
Melee: Unarmed           |    13 |    13 |    32 ||    58
       Kick              |     6 |     2 |       ||     8
       Constrict         |     5 |     1 |       ||     6
       Tentacles         |     2 |     1 |       ||     3
       Punch             |       |     1 |       ||     1
 Cast: Beastly Appendage |     2 |       |       ||     2
       Ice Form          |       |     1 |     3 ||     4
       Wereblood         |       |     1 |     2 ||     3
Evoke: Wand              |       |     1 |     1 ||     2
  Use: Potion            |     1 |     2 |       ||     3
       Scroll            |       |       |     1 ||     1
Armor: Skin              |       |     3 |     4 ||     7
Dodge: Dodged            |     8 |     7 |    11 ||    26

Table legend: (Time is in decaauts)
 A = Elapsed time spent in this place.
 B = Non-inter-level travel time spent in this place.
 C = Inter-level travel time spent in this place.
 D = Time resting spent in this place.
 E = Time spent auto-exploring this place.
 F = Levels seen in this place.
 G = Mean time per level.
                   A        B        C        D        E       F      G
               +--------+--------+--------+--------+--------+-----+--------+
         Total |   1138 |   1138 |      0 |    949 |      0 |   1 | 1138.0 |
       Dungeon |   1138 |   1138 |      0 |    949 |      0 |   1 | 1138.0 |
               +--------+--------+--------+--------+--------+-----+--------+

Top non-repeatable levels by time:
       D: 1138 daAuts
